 Dungeon Crawl Stone Soup version 0.30-a0-585-g93115170b9 (webtiles) character file.

Game seed: 4926339410603434214

987 wormed the Slasher (level 8, -8/44 (48) HPs)
             Began as a Tengu Berserker on Jan 2, 2023.
             Was a Priest of Trog.
             Mangled by a wight
             ... wielding a +3 battleaxe of freezing
              (16 damage)
             ... on level 5 of the Dungeon.
             The game lasted 00:04:23 (3688 turns).

wormed the Slasher (Tengu Berserker)                Turns: 3688, Time: 00:04:24

HP:   -8/44 (48)    AC:  6    Str: 18    XL:     8   Next: 18%
MP:   9/9           EV: 16    Int:  7    God:    Trog [***...]
Gold: 290           SH:  0    Dex: 16    Spells: 7/7 levels left

rFire   . . .      SeeInvis .    o - +5 dagger (venom)
rCold   + . .      Faith    .    (no shield)
rNeg    . . .      Spirit   .    r - +0 leather armour {rC+}
rPois   +          Reflect  .    (helmet restricted)
rElec   .          Harm     .    g - +0 cloak
rCorr   .          Rampage  .    t - +0 pair of gloves
Will    .....                    (boots unavailable)
Stlth   +                        (no amulet)
HPRegen 0.27/turn                i - ring of poison resistance
MPRegen 0.11/turn                (no ring)

@: flying quickly and evasively, drained, quick
A: beak, talons 3, nimble flight
a: Renounce Religion, Berserk, Trog's Hand


You were on level 5 of the Dungeon.
You worshipped Trog.
Trog was most pleased with you.
You visited 1 branch of the dungeon, and saw 5 of its levels.

You collected 290 gold pieces.

Inventory:

Hand Weapons
 a - a +0 falchion
 o - a +5 dagger of venom (weapon)
Missiles
 n - a throwing net (quivered)
Armour
 g - a +0 cloak (worn)
 q - a +0 tower shield
 r - a +0 leather armour of cold resistance (worn)
 t - a +0 pair of gloves (worn)
Jewellery
 i - a ring of poison resistance (left hand)
Wands
 v - a wand of iceblast (1)
Scrolls
 d - 3 scrolls of teleportation
 p - 5 scrolls of identify
 s - 2 scrolls of enchant weapon
Potions
 b - a potion of brilliance {unknown}
 c - 4 potions of curing
 e - 3 potions of mutation {unknown}
 f - a potion of degeneration {unknown}
 h - 2 potions of flight {unknown}
 j - a potion of heal wounds {unknown}
 k - a potion of cancellation {unknown}
 l - a potion of resistance {unknown}
 m - a potion of berserk rage {unknown}
 u - a potion of magic {unknown}


   Skills:
 + Level 4.6 Fighting
 * Level 6.8 Long Blades
 + Level 4.5 Armour
 + Level 4.5 Dodging
 + Level 3.5 Shields


You had 7 spell levels left.
You didn't know any spells.
Your spell library was empty.

Dungeon Overview and Level Annotations

Branches:
Dungeon (5/15)
 Temple: D:4-7

Altars:
Trog
Xom

Annotations:
D:3 2 transporters


Innate Abilities, Weirdness & Mutations

You have a beak for a mouth.
You have claws for feet.
Your magical nature lets you fly swiftly and evasively.


Message History

A wight is nearby!
A wight is nearby! 3 wights come into view.
A wight is wielding a +3 battleaxe of freezing.
Found 14 gold pieces.
The wight moves out of view.
An orc comes into view. It is wielding a +0 whip.
The orc shouts!
You see here 13 gold pieces.
You hit the wight. Your kick misses the wight.
The wight is lightly damaged.
The wight closely misses you.
You hit the wight. You claw the wight.
The wight is severely damaged.
You hit the wight but do no damage.
The wight is severely damaged.
A wight comes into view. It is wielding a +4 long sword.
You hit the wight.
You destroy the wight!
Trog accepts your kill.
You hit the wight but do no damage. Your kick misses the wight.
You peck the wight, but do no damage.
A necrophage comes into view.
The wight barely misses you. The wight closely misses you.
The wight hits you with a +4 flail!
You hit the wight. Your kick misses the wight.
The wight is moderately damaged.
The wight hits you with a +4 long sword!
You feel drained.
The wight hits you with a +3 battleaxe of freezing.
You feel drained. The wight hits you but does no damage.
The wight hits you with a +4 flail!
* * * LOW HITPOINT WARNING * * *
You are too injured to fight recklessly!
You feel better.
The wight hits you with a +4 long sword.
* * * LOW HITPOINT WARNING * * *
You feel drained.
* * * LOW HITPOINT WARNING * * *
The wight hits you with a +3 battleaxe of freezing!
You die...

##~~# # ... ##~# # .. ##
#~### .. ##. #~~~~ #.
#.. #~~~~ ## #. #.####
.?.##~#~
###..#.###........# #~##
..n..ozz...####...#####.
#@..........##....
......zz#.........###...
........#.........# ##.>
........#.........# #..
........#.........# #..
..................# #..
#..$####.####...########
#.#. ## ####........
#.≈≈≈≈≈≈≈


You could see a necrophage, 4 wights and an orc.

Vanquished Creatures
  A water moccasin (D:5)
  A black bear (D:4)
  An ogre (D:5)
  A phantom (D:4)
  2 scorpions (D:5)
  A wight (D:5)
  4 orc priests
  Natasha (thrice) (D:3)
  An iguana (D:5)
  Ijyb (D:5)
  2 orc wizards (D:4)
  6 adders
  2 worms
  A dart slug (D:2)
  16 orcs
  5 bats
  5 endoplasms
  4 giant cockroaches
  7 goblins
  4 hobgoblins
  6 jackals
  6 kobolds
  3 quokkas
  5 ball pythons
  7 frilled lizards
  5 rats
100 creatures vanquished.

Notes
Turn   | Place    | Note
-------+----------+-------------------------------------------
     0 | D:1      | wormed the Tengu Berserker began the quest for the Orb.
     0 | D:1      | Reached XP level 1. HP: 14/14 MP: 2/2
     1 | D:1      | Noticed an electric eel
   132 | D:1      | Reached XP level 2. HP: 15/19 MP: 3/3
   506 | D:1      | Found a faded altar of an unknown god.
   808 | D:2      | Reached skill level 1 in Shields
   808 | D:2      | Reached XP level 3. HP: 20/23 MP: 4/4
  1119 | D:2      | Reached ** piety under Trog
  1325 | D:2      | Reached skill level 4 in Long Blades
  1500 | D:3      | Noticed Natasha
  1505 | D:3      | Killed Natasha
  1506 | D:3      | Reached XP level 4. HP: 28/28 MP: 5/5
  1846 | D:3      | Found a transporter.
  1848 | D:3      | Noticed Natasha
  1855 | D:3      | Killed Natasha
  1856 | D:3      | Gained mutation: Your magical nature lets you fly swiftly
                  | and evasively. [Tengu growth]
  1856 | D:3      | Reached XP level 5. HP: 32/32 MP: 6/6
  1881 | D:3      | Found a transporter.
  1889 | D:3      | Noticed Natasha
  1895 | D:3      | Killed Natasha
  2245 | D:3      | Found a bloodstained altar of Trog.
  2430 | D:4      | Noticed a phantom
  2443 | D:4      | Killed a phantom
  2444 | D:4      | Reached skill level 5 in Long Blades
  2444 | D:4      | Reached XP level 6. HP: 15/38 MP: 7/7
  2597 | D:4      | Noticed a black bear
  2614 | D:4      | Killed a black bear
  2696 | D:4      | Reached *** piety under Trog
  2927 | D:4      | Reached XP level 7. HP: 25/43 MP: 8/8
  3126 | D:5      | Entered Level 5 of the Dungeon
  3147 | D:5      | Reached skill level 6 in Long Blades
  3343 | D:5      | Found a shimmering altar of Xom.
  3465 | D:5      | Reached XP level 8. HP: 28/48 MP: 9/9
  3550 | D:5      | Noticed Ijyb
  3563 | D:5      | Killed Ijyb
  3688 | D:5      | Mangled by a wight

Illustrated notes

Levels and vault maps discovered:
D:1:      arrival_aquarium_a, layout_rooms,
          dreamdust_ecumenical_altar_angels_and_demons, minmay_misc_feat_square,
          columned_hall_lemuel, kennysheep_small_spiral
D:2:      layout_loops_ring, minivault_5
D:3:      gammafunk_wand_slinger, layout_basic, trog_hazing_becter,
          fountainhead, minmay_fractal_squares_gapless_5, uniq_natasha
D:4:      layout_basic
D:5:      layout_rooms, mainiacjoe_overflow_paths,
          mainiacjoe_overflow_boulevard, chequers_serial_rivers_large_b,
          nicolae_shop_clearance, uniq_ijyb

Skill      XL: |  1  2  3  4  5  6  7 |
---------------+----------------------+-----
Shields        | 1 2 3 |  3.5
Long Blades    | 4 5 6 |  6.8
Armour         | 3 4 |  4.5
Dodging        | 3 4 |  4.5
Fighting       | 4 |  4.6

Action                   |  1- 3 |  4- 6 |  7- 9 || total
-------------------------+-------+-------+-------++-------
Melee: Falchion          |    78 |       |       ||    78
       Peck              |    11 |    17 |    12 ||    40
       Kick              |    14 |    19 |    16 ||    49
       Dagger            |     3 |   100 |    60 ||   163
       Punch             |       |     1 |     2 ||     3
Invok: Berserk           |     1 |     1 |     1 ||     3
  Use: Scroll            |     4 |     2 |       ||     6
       Potion            |       |       |     1 ||     1
 Stab: Sleeping          |     2 |     1 |       ||     3
Armor: Animal skin       |    16 |    12 |       ||    28
       Leather armour    |       |     8 |     4 ||    12
Dodge: Dodged            |    60 |    68 |    25 ||   153

Table legend: (Time is in decaauts)
 A = Elapsed time spent in this place.
 B = Non-inter-level travel time spent in this place.
 C = Inter-level travel time spent in this place.
 D = Time resting spent in this place.
 E = Time spent auto-exploring this place.
 F = Levels seen in this place.
 G = Mean time per level.
                   A        B        C        D        E       F      G
               +--------+--------+--------+--------+--------+-----+--------+
         Total |   3588 |   3424 |    164 |    141 |   2713 |   5 |  717.6 |
       Dungeon |   3588 |   3424 |    164 |    141 |   2713 |   5 |  717.6 |
               +--------+--------+--------+--------+--------+-----+--------+

Top non-repeatable levels by time:
     D:2: 830 daAuts
     D:3: 777 daAuts
     D:4: 773 daAuts
     D:1: 678 daAuts
     D:5: 527 daAuts
